 Dungeon Crawl Stone Soup version 0.25-a0-302-g9f758675c1 (webtiles) character file.

Game seed: 11421723824917223073, levelgen mode: deterministic

3755 mopl the Zephyrmancer (level 9, -9/93 HPs)
             Began as a Yellow Draconian Air Elementalist on Dec 20, 2019.
             Was a Follower of Vehumet.
             Mangled by a two-headed ogre
             ... wielding a +0 giant spiked club
              (14 damage)
             ... on level 9 of the Dungeon.
             The game lasted 00:18:35 (9919 turns).

mopl the Zephyrmancer (DrAE)                        Turns: 9919, Time: 00:18:35

Health: -9/93      AC:  8    Str: 18    XL:     9   Next: 94%
Magic:  6/19       EV: 12    Int: 18    God:    Vehumet [*.....]
Gold:   185        SH:  0    Dex: 12    Spells: 8/21 levels left

rFire    . . .     SeeInvis .   u - +0 spear
rCold    . . .     Gourm    .   (no shield)
rNeg     . . .     Faith    .   (armour unavailable)
rPois    .         Spirit   .   (helmet restricted)
rElec    .         Reflect  .   (no cloak)
rCorr    +         Harm     .   l - +0 pair of gloves
MR       .....                  (no boots)
Stlth    ..........             (no amulet)
HPRegen  0.25/turn              z - +2 ring of strength
MPRegen  0.16/turn              (no ring)

@: berserking, very quick
A: spit acid, unfitting armour, cold-blooded, acid resistance, AC +7
a: Breathe Acid, Renounce Religion


You were on level 9 of the Dungeon.
You worshipped Vehumet.
Vehumet was aware of your devotion.
You were hungry.

You visited 1 branch of the dungeon, and saw 9 of its levels.

You collected 433 gold pieces.
You spent 248 gold pieces at shops.

Inventory:

Hand Weapons
 u - a +0 spear (weapon)
Armour
 l - a +0 pair of gloves (worn)
 m - a +0 large shield
Jewellery
 z - a +2 ring of strength (left hand)
Wands
 s - a wand of polymorph (11)
 y - a wand of disintegration (16)
Scrolls
 a - 5 scrolls of teleportation {unknown}
 c - a scroll of fog {unknown}
 e - 8 scrolls of remove curse
 f - 3 scrolls of enchant weapon {unknown}
 j - 2 scrolls of fear {unknown}
 k - 2 scrolls of blinking {unknown}
 n - 2 scrolls of immolation {unknown}
 o - 2 scrolls of noise {unknown}
 v - a scroll of amnesia {unknown}
 w - 2 scrolls of enchant armour {unknown}
 x - 3 scrolls of identify
 A - a scroll of torment {unknown}
 B - a scroll of brand weapon {unknown}
Potions
 g - 2 potions of mutation {!q}
 h - 4 potions of cancellation
 i - 5 potions of curing
 p - a potion of brilliance
 q - 2 potions of agility
 r - a potion of flight
Comestibles
 b - 14 rations


   Skills:
 - Level 1.7 Dodging
 - Level 1.7 Stealth
 + Level 6.8 Spellcasting
 + Level 7.2 Conjurations
 * Level 10.4 Air Magic


You had 8 spell levels left.
You knew the following spells:

 Your Spells              Type           Power        Failure   Level  Hunger
a - Shock                 Conj/Air       ####         1%          1    None
b - Static Discharge      Conj/Air       #####...     1%          3    ##.....
c - Lightning Bolt        Conj/Air       #####.....   8%          5    #####..
f - Airstrike             Air            #####.....   1%          4    ####...

Your spell library contained the following spells:

 Spells                   Type           Power        Failure   Level  Hunger
 Freeze                   Ice            #...         11%         1    None
 Swiftness                Chrm/Air       ####....     1%          2    None


Dungeon Overview and Level Annotations

Branches:
Dungeon (9/15)             Temple (0/1) D:7            Lair (0/6) D:8
    Orc: D:9-12

Altars:
Dithmenos
Nemelex Xobeh
Trog
Uskayaw
Vehumet
Zin

Shops:
D:6 *   D:7 *

Annotations:
D:6 3 runed translucent doors, Error4North's ghost, novice HOFi


Innate Abilities, Weirdness & Mutations

You can spit globs of acid.
Your golden yellow scales are hard. (AC +7)
You cannot fit into any form of body armour.
You are cold-blooded and may be slowed by cold attacks.
You are resistant to acid. (rCorr)


Message History

* * * LOW HITPOINT WARNING * * *
The two-headed ogre misses you.
There is an open door here.
There is an open door here.
You have got your breath back.
Evoke which item? (* to show all) (? for menu, Esc to quit)
Okay, then.
Okay, then.
Really quaff
d - a potion of berserk rage {!q}?
A red film seems to cover your vision as you go berserk!
You feel yourself moving faster!
You feel mighty! The two-headed ogre closely misses you.
The two-headed ogre hits you but does no damage.
Unknown command.
You puncture the two-headed ogre! You tail-slap the two-headed ogre.
The two-headed ogre is severely wounded.
The two-headed ogre hits you with a +0 giant spiked club!!
* * * LOW HITPOINT WARNING * * *
The two-headed ogre hits you with a +0 giant club!
You die...

........#
#........#
######.###
#..# #.##
##.# #..#
###'######
#........#
#..@.....#
#..O.....#
#.....<..#
#........#
#........#
#........#
+........#
#........#
#####'####


You could see a two-headed ogre.

Vanquished Creatures
  Pikel (D:5)
  A troll (D:9)
  Grinder (D:3)
  A hippogriff (D:6)
  A hungry ghost (D:8)
  A water moccasin (D:9)
  A porcupine (D:8)
  2 orc warriors
  An ice beast (D:8)
  A sky beast (D:9)
  A slave (D:5)
  A black bear (D:8)
  4 phantoms
  An ogre (D:9)
  A necrophage (D:9)
  2 centaurs (D:7)
  4 bullfrogs
  A wyvern zombie (D:7)
  2 scorpions
  A howler monkey (D:5)
  2 crimson imps
  4 hounds
  A quasit (D:8)
  A jelly (D:9)
  3 orc wizards (D:9)
  An iguana (D:9)
  6 worker ants
  A hound zombie (D:9)
  A hound skeleton (D:5)
  A worker ant zombie (D:7)
  4 gnolls (D:6)
  8 adders
  A shadow imp (D:6)
  3 oozes
  2 adder zombies (D:8)
  An adder skeleton (D:6)
  5 worms
  5 dart slugs
  2 leopard geckos
  11 orcs
  A ball python (D:2)
  9 giant cockroaches
  8 goblins
  4 hobgoblins
  4 jackals
  4 quokkas
  3 bats
  5 frilled lizards
  2 kobolds (D:1)
  A quokka skeleton (D:7)
  3 rats
136 creatures vanquished.

Vanquished Creatures (others)
  2 slaves (D:5)
  4 gnolls (D:5)
  An adder zombie (D:5)
7 creatures vanquished.

Grand Total: 143 creatures vanquished

Notes
Turn   | Place    | Note
-------+----------+-------------------------------------------
     0 | D:1      | mopl the Draconian Air Elementalist began the quest for the
                  | Orb.
     0 | D:1      | Reached XP level 1. HP: 14/14 MP: 3/3
   255 | D:1      | Reached XP level 2. HP: 20/20 MP: 3/5
  1044 | D:1      | Reached XP level 3. HP: 26/26 MP: 4/6
  1136 | D:2      | Reached skill level 2 in Conjurations
  1359 | D:2      | Found a hide-covered altar of Uskayaw.
  1390 | D:2      | Found a bloodstained altar of Trog.
  1403 | D:2      | Found a glowing silver altar of Zin.
  1500 | D:2      | Learned a level 3 spell: Static Discharge
  2554 | D:3      | Noticed Grinder
  2559 | D:3      | Reached XP level 4. HP: 33/33 MP: 2/8
  2562 | D:3      | Paralysed by Grinder for 3 turns
  2718 | D:3      | Learned a level 4 spell: Airstrike
  3004 | D:3      | Reached skill level 4 in Air Magic
  3449 | D:3      | Paralysed by Grinder for 5 turns
  3455 | D:3      | Killed Grinder
  3455 | D:3      | Reached skill level 3 in Spellcasting
  3455 | D:3      | Reached skill level 3 in Conjurations
  3455 | D:3      | Reached skill level 5 in Air Magic
  3455 | D:3      | Reached XP level 5. HP: 34/38 MP: 0/10
  3455 | D:3      | Reached XP level 6. HP: 41/45 MP: 0/11
  4398 | D:4      | Found a sparkling altar of Nemelex Xobeh.
  4527 | D:4      | Your scales start taking on a golden yellow colour.
  4527 | D:4      | Reached XP level 7. HP: 47/50 MP: 2/12
  4527 | D:4      | Gained mutation: You are resistant to acid. (rCorr) [Yellow
                  | Draconian growth]
  4611 | D:4      | Reached skill level 4 in Spellcasting
  4611 | D:4      | Reached skill level 6 in Air Magic
  4955 | D:4      | Learned a level 5 spell: Lightning Bolt
  5016 | D:5      | Entered Level 5 of the Dungeon
  5169 | D:5      | Noticed Pikel
  5193 | D:5      | Killed Pikel
  5193 | D:5      | Reached skill level 4 in Conjurations
  5193 | D:5      | Reached skill level 7 in Air Magic
  5193 | D:5      | Reached XP level 8. HP: 26/57 MP: 1/15
  5437 | D:5      | Found a radiant altar of Vehumet.
  5445 | D:5      | Became a worshipper of Vehumet
  5732 | D:5      | Reached skill level 5 in Conjurations
  6160 | D:6      | Reached skill level 5 in Spellcasting
  6361 | D:6      | Noticed a hippogriff
  6395 | D:6      | Killed a hippogriff
  6398 | D:6      | Reached skill level 8 in Air Magic
  6950 | D:6      | Found Lettyxe's Assorted Antiques.
  6958 | D:6      | Bought a scroll labeled MOCKIY SYPH for 31 gold pieces
  6958 | D:6      | Bought a scroll labeled ZURHUM TOPP for 31 gold pieces
  6958 | D:6      | Bought a scroll labeled PUTYLI ESIZO for 31 gold pieces
  6958 | D:6      | Bought a scroll labeled INKIF GOSUMOJU for 31 gold pieces
  6958 | D:6      | Bought a scroll of identify for 62 gold pieces
  6958 | D:6      | Bought a scroll of identify for 62 gold pieces
  7203 | D:6      | Found a runed translucent gate.
  7204 | D:6      | Found a runed translucent gate.
  7204 | D:6      | Found a runed translucent gate.
  7206 | D:6      | Noticed Error4North's ghost (novice HOFi)
  7562 | D:7      | Found a shadowy altar of Dithmenos.
  7790 | D:7      | Reached XP level 9. HP: 22/62 MP: 7/17
  8171 | D:7      | Found a staircase to the Ecumenical Temple.
  8185 | D:7      | Reached skill level 6 in Conjurations
  8187 | D:7      | Reached * piety under Vehumet
  8187 | D:7      | Offered knowledge of Freeze by Vehumet.
  8187 | D:7      | Reached skill level 9 in Air Magic
  8191 | D:7      | Found Rysik's General Store.
  8548 | D:8      | Reached skill level 6 in Spellcasting
  8709 | D:8      | Found a staircase to the Lair.
  9288 | D:9      | Reached skill level 10 in Air Magic
  9464 | D:9      | Reached skill level 7 in Conjurations
  9749 | D:9      | Noticed a troll
  9757 | D:9      | Killed a troll
  9891 | D:9      | Noticed a two-headed ogre
  9919 | D:9      | Mangled by a two-headed ogre

Levels and vault maps discovered:
D:1:      sevenhm_arrival_forest_fort_small_4, layout_loops_ring
D:2:      minmay_alternating_diamond, layout_basic, lemuel_round_altar,
          overflow_temple_1_default, lemuel_crystal_altar
D:3:      layout_basic, uniq_grinder
D:4:      layout_basic, nemelex_altar_shiori, first_ration
D:5:      layout_loops_corners, vehumet_crystals, uniq_pikel
D:6:      layout_loops_ring, serial_shops, shop, gammafunk_ghost_necromancy
D:7:      layout_gridville, nicolae_dithmenos_through_a_glass_darkly,
          minmay_temple_entry_sparse_star, serial_shops, shop_fountains
D:8:      layout_gridville, grunt_lair_entry_orc_guard_hut
D:9:      layout_roguey, blue_anna_alchemist [blue_anna_fruit_fields,
          blue_anna_fruit_fields]

Skill      XL: |  1  2  3  4  5  6  7  8  9 |
---------------+----------------------------+-----
Conjurations   | 2 3 4 5 7 |  7.2
Air Magic      | 5 7 8 10 | 10.4
Spellcasting   | 3 4 5 6 |  6.8
Dodging        | |  1.7
Stealth        | |  1.7

Action                   |  1- 3 |  4- 6 |  7- 9 || total
-------------------------+-------+-------+-------++-------
Melee: Spear             |       |       |    56 ||    56
       Unarmed           |       |       |     5 ||     5
       Tailslap          |       |       |     8 ||     8
 Cast: Shock             |   103 |    78 |   119 ||   300
       Static Discharge  |       |     6 |    35 ||    41
       Airstrike         |       |     2 |    29 ||    31
 Abil: Breathe Acid      |       |       |    25 ||    25
  Use: Scroll            |       |     3 |     6 ||     9
       Potion            |       |       |     1 ||     1
 Stab: Sleeping          |       |       |     3 ||     3
  Eat: Chunk             |     4 |     9 |    27 ||    40
Armor: Skin              |    13 |     8 |    63 ||    84
Dodge: Dodged            |    35 |    20 |    92 ||   147

Table legend:
 A = Non-vault XP
 B = Vault XP
 C = Vault XP percentage of total XP
 D = Non-vault monster count
 E = Vault monster count
 F = Vault count percentage of total count
                 A         B        C        D         E       F
            +---------+---------+-------+---------+---------+-------
      Total |    3985 |    1380 |  25.7 |     127 |       9 |   6.6
            +---------+---------+-------+---------+---------+-------
        D:1 |      45 |       0 |   0.0 |      22 |       0 |   0.0
        D:2 |      33 |      17 |  34.0 |      13 |       3 |  18.8
        D:3 |      39 |     295 |  88.3 |       9 |       1 |  10.0
        D:4 |     388 |       0 |   0.0 |      13 |       0 |   0.0
        D:5 |     326 |     617 |  65.4 |      13 |       1 |   7.1
        D:6 |     646 |       0 |   0.0 |      14 |       0 |   0.0
        D:7 |     605 |       0 |   0.0 |      15 |       0 |   0.0
        D:8 |     507 |     451 |  47.1 |       8 |       4 |  33.3
        D:9 |    1396 |       0 |   0.0 |      20 |       0 |   0.0
            +---------+---------+-------+---------+---------+-------
